 Dungeon Crawl Stone Soup version 0.25-a0-404-gc1b5a34292 (webtiles) character file.

Game seed: 3557115877526303181, levelgen mode: deterministic

173 Jerej03 the Magician (level 5, 0/39 HPs)
             Began as a Draconian Wizard on Jan 10, 2020.
             Succumbed to an adder's poison
             ... on level 3 of the Dungeon on Jan 11, 2020.
             The game lasted 00:30:55 (1937 turns).

Jerej03 the Magician (Draconian Wizard)             Turns: 1937, Time: 00:30:55

Health: 0/39       AC:  9    Str: 11    XL:     5   Next: 28%
Magic:  11/11      EV: 12    Int: 18    God:
Gold:   99         SH:  0    Dex:  9    Spells: 4/12 levels left

rFire    + . .     SeeInvis .   i - +2 quarterstaff (chaos)
rCold    x . .     Gourm    .   (shield currently unavailable)
rNeg     + . .     Faith    .   (armour unavailable)
rPois    .         Spirit   .   a - +0 hat
rElec    .         Reflect  .   l - +0 cloak
rCorr    .         Harm     +   d - +2 pair of gloves
MR       .....                  (no boots)
Stlth    ++........             h - amulet of harm
HPRegen  0.13/turn              g - ring of positive energy
MPRegen  0.12/turn              f - ring of fire

@: lethally poisoned (0 -> -2)
A: unfitting armour, cold-blooded, AC +5
a: no special abilities


You were on level 3 of the Dungeon.
You were not hungry.

You visited 1 branch of the dungeon, and saw 3 of its levels.

You collected 99 gold pieces.

Inventory:

Hand Weapons
 e - a +2 short sword
 i - a +2 quarterstaff of chaos (weapon)
Armour
 a - a +0 hat (worn)
 d - a +2 pair of gloves (worn)
 l - a +0 cloak (worn)
Jewellery
 f - a ring of fire (right hand)
 g - a ring of positive energy (left hand)
 h - an amulet of harm (around neck)
 n - a cursed amulet of inaccuracy
Scrolls
 b - 2 scrolls of remove curse
 k - a scroll of teleportation
Comestibles
 c - 6 rations
 j - 7 chunks of flesh


   Skills:
 + Level 0.5 Fighting
 + Level 0.9 Short Blades
   Level 0.2 Axes
 + Level 0.8 Staves
 + Level 1.9 Dodging
 + Level 1.9 Stealth
 + Level 1.0 Unarmed Combat
 + Level 4.2 Spellcasting
 * Level 2.4 Conjurations
   Level 1.0 Summonings
 + Level 1.0 Translocations
 + Level 0.3 Air Magic
 + Level 1.2 Poison Magic


You had 4 spell levels left.
You knew the following spells:

 Your Spells              Type           Power        Failure   Level  Hunger
a - Magic Dart            Conj           ##..         5%          1    None
b - Blink                 Tloc           N/A          14%         2    ##.....
c - Mephitic Cloud        Conj/Pois/Air  #.......     26%         3    ###....
d - Slow                  Hex            #.......     22%         2    ##.....

Your spell library contained the following spells:

 Spells                   Type           Power        Failure   Level  Hunger
 Call Imp                 Summ           #.......     14%         2    ##.....
 Conjure Flame            Conj/Fire      ##......     26%         3    ###....


Dungeon Overview and Level Annotations

Branches:
Dungeon (3/15)

Altars:
Cheibriados

Annotations:
D:3 BritishOli's ghost, amateur DsGl


Innate Abilities, Weirdness & Mutations

Your plain brown scales are hard. (AC +5)
You cannot fit into any form of body armour.
You are cold-blooded and may be slowed by cold attacks.


Message History

You kill the adder!
* * * LOW HITPOINT WARNING * * *
You feel sick.
You aren't carrying any potions.
None of your equipped items are cursed.
You see here an adder corpse.
* * * LOW HITPOINT WARNING * * *
You feel sick.
You see here 9 gold pieces.
You now have 99 gold pieces (gained 9).
* * * LOW HITPOINT WARNING * * *
You feel sick.
(D) Dungeon
Where to? (Enter - D:3 @ (x,y), ? - help)
Okay, then.
Search for what [Enter for "scroll", or ? for help]? potion Can't find anything matching that.
There is a lethal amount of poison in your body!
There is a lethal amount of poison in your body!
You die...

.... #......#...
........+ +......'...
........# #......#...
........####......#...
............†.....#...
...........†.....#...
................#...
#######........#####...
#.....@........#.......
#..........#...#.......
#..........#...#.....##
#...?......#...##......
#..........#...##......
#......#####...##..####
#......# ##...#...#.#.
........ #... #...#...
..#... #...##$.


There were no monsters in sight!

Vanquished Creatures
  Crazy Yiuf (D:2)
  4 gnolls (D:3)
  4 adders
  A worm (D:2)
  4 dart slugs
  2 leopard geckos
  3 bats
  5 giant cockroaches
  8 goblins
  9 hobgoblins
  4 jackals (D:3)
  5 kobolds
  A ball python (D:1)
  3 frilled lizards
  5 rats
59 creatures vanquished.

Notes
Turn   | Place    | Note
-------+----------+-------------------------------------------
     0 | D:1      | Jerej03 the Draconian Wizard began the quest for the Orb.
     0 | D:1      | Reached XP level 1. HP: 14/14 MP: 4/4
   201 | D:1      | Reached XP level 2. HP: 17/20 MP: 1/6
   209 | D:1      | Learned a level 2 spell: Blink
   602 | D:1      | Reached XP level 3. HP: 23/26 MP: 2/8
   652 | D:2      | Learned a level 3 spell: Mephitic Cloud
   658 | D:2      | Learned a level 2 spell: Slow
   900 | D:2      | Reached skill level 4 in Spellcasting
   922 | D:2      | Reached skill level 1 in Unarmed Combat
   929 | D:2      | Found a snail-covered altar of Cheibriados.
  1283 | D:2      | Found a runed translucent door.
  1284 | D:2      | Noticed Crazy Yiuf
  1344 | D:2      | Killed Crazy Yiuf
  1344 | D:2      | Reached XP level 4. HP: 34/34 MP: 1/10
  1755 | D:3      | Reached XP level 5. HP: 11/39 MP: 3/11
  1772 | D:3      | Reached skill level 1 in Poison Magic
  1861 | D:3      | Found a runed translucent gate.
  1861 | D:3      | Found a runed translucent gate.
  1861 | D:3      | Found a runed translucent gate.
  1861 | D:3      | Noticed BritishOli's ghost (amateur DsGl)
  1933 | D:3      | HP: 1/39 [poisoned by an adder]
  1937 | D:3      | Succumbed to an adder's poison

Levels and vault maps discovered:
D:1:      saegor_arrival_simple_c, layout_rooms
D:2:      layout_loops_ring, cheibriados_altar_1, first_ration,
          uniq_crazy_yiuf_cottage
D:3:      minmay_razor_zed, layout_basic, gammafunk_ghost_necromancy

Skill      XL: |  1  2  3  4  5 |
---------------+----------------+-----
Spellcasting   | 4 |  4.2
Unarmed Combat | 1 |  1.0
Conjurations   | 2 |  2.4
Poison Magic   | 1 |  1.2
Fighting       | |  0.5
Short Blades   | |  0.9
Axes           | |  0.2
Staves         | |  0.8
Dodging        | |  1.9
Stealth        | |  1.9
Summonings     | |  1.0
Translocations | |  1.0
Air Magic      | |  0.3

Action                   |  1- 3 |  4- 6 || total
-------------------------+-------+-------++-------
Melee: Unarmed           |    80 |       ||    80
       Tailslap          |    11 |     5 ||    16
       Hand axe          |     7 |       ||     7
       Short sword       |    48 |       ||    48
       Quarterstaff      |       |    56 ||    56
 Cast: Magic Dart        |    67 |       ||    67
       Mephitic Cloud    |     4 |    11 ||    15
       Slow              |     3 |       ||     3
  Use: Potion            |     6 |     1 ||     7
       Scroll            |     6 |     3 ||     9
 Stab: Confused          |     2 |       ||     2
       Sleeping          |       |     1 ||     1
  Eat: Ration            |     1 |       ||     1
       Chunk             |       |     1 ||     1
Armor: Skin              |    47 |    39 ||    86
Dodge: Dodged            |    88 |    48 ||   136

Table legend:
 A = Non-vault XP
 B = Vault XP
 C = Vault XP percentage of total XP
 D = Non-vault monster count
 E = Vault monster count
 F = Vault count percentage of total count
                 A         B        C        D         E       F
            +---------+---------+-------+---------+---------+-------
      Total |     208 |      40 |  16.1 |      58 |       1 |   1.7
            +---------+---------+-------+---------+---------+-------
        D:1 |      41 |       0 |   0.0 |      22 |       0 |   0.0
        D:2 |      57 |      40 |  41.2 |      16 |       1 |   5.9
        D:3 |     110 |       0 |   0.0 |      20 |       0 |   0.0
            +---------+---------+-------+---------+---------+-------
